 Dungeon Crawl Stone Soup version 0.29-a0-1027-gcd8c55af63 (webtiles) character file.

Game seed: 8695095609568096586

679 Locuples the Slasher (level 7, -6/55 HPs)
             Began as a Demonspawn Berserker on Aug 12, 2022.
             Was a Believer of Trog.
             Mangled by an ice beast (13 damage)
             ... on level 5 of the Dungeon.
             The game lasted 00:07:14 (5257 turns).

Locuples the Slasher (Demonspawn Berserker)         Turns: 5257, Time: 00:07:14

Health: -6/55      AC:  9    Str: 19    XL:     7   Next: 34%
Magic:  7/7        EV: 11    Int:  8    God:    Trog [**....]
Gold:   194        SH:  0    Dex: 13    Spells: 6/6 levels left

rFire   . . .      SeeInvis .   a - +0 falchion
rCold   . . .      Faith    .   (no shield)
rNeg    . . .      Spirit   .   d - +0 ring mail
rPois   .          Reflect  .   g - +0 helmet
rElec   .          Harm     .   (no cloak)
rCorr   .          Rampage  .   (no gloves)
Will    .....                   (no boots)
Stlth   +.........              (no amulet)
HPRegen 0.18/turn               (no ring)
MPRegen 0.10/turn               (no ring)

@: on berserk cooldown, slowed, very slow
A: yellow scales 1, ignite blood 1, powered by pain 1
a: Renounce Religion, Berserk, Trog's Hand


You were on level 5 of the Dungeon.
You worshipped Trog.
Trog was pleased with you.
You visited 1 branch of the dungeon, and saw 5 of its levels.

You collected 194 gold pieces.

Inventory:

Hand Weapons
 a - a +0 falchion (weapon)
Armour
 d - a +0 ring mail (worn)
 g - a +0 helmet (worn)
Wands
 i - a wand of polymorph (4)
Scrolls
 b - 4 scrolls of teleportation {unknown}
 c - 2 scrolls of immolation {unknown}
 e - 2 scrolls of poison {unknown}
 f - 2 scrolls of identify {unknown}
 k - 2 scrolls of vulnerability {unknown}
 m - a scroll of silence {unknown}
 n - a scroll of blinking {unknown}
 o - a scroll of enchant weapon {unknown}
Potions
 h - a potion of might {unknown}
 j - a potion of curing
 l - a potion of attraction {unknown}
 p - a potion of degeneration {unknown}
 q - a potion of ambrosia {unknown}
 r - a potion of heal wounds {unknown}


   Skills:
 + Level 4.3 Fighting
 * Level 5.8 Long Blades
 + Level 3.8 Armour
 + Level 3.0 Dodging


You had 6 spell levels left.
You didn't know any spells.
Your spell library was empty.

Dungeon Overview and Level Annotations

Branches:
Dungeon (5/15)
 Temple: D:4-7

Altars:
Yredelemnul


Innate Abilities, Weirdness & Mutations

You are partially covered in yellow scales. (AC +2)
Your demonic aura sometimes causes spilled blood to erupt in flames.
You sometimes gain a little power by taking damage.


Message History

The gnoll hits you from afar with a +0 halberd.
You are no longer berserk.
You are exhausted.
You feel yourself slow down. The gnoll barely misses you.
You barely miss the gnoll. The gnoll hits you with a +0 halberd.
The ice beast hits you but does no damage.
You barely miss the gnoll. You punch the gnoll, but do no damage.
The ice beast hits you but does no damage.
The gnoll closely misses you.
The ice beast hits you but does no damage.
The gnoll closely misses you.
You closely miss the gnoll.
The ice beast hits you but does no damage.
The gnoll hits you with a +0 halberd!
* * * LOW HITPOINT WARNING * * *
You hit the gnoll.
The gnoll is moderately wounded.
The gnoll is engulfed in blazing flames.
You kill the gnoll!
Trog accepts your kill.
The ice beast hits you but does no damage. x2
Your life force feels restored.
You hit the ice beast.
The ice beast is lightly wounded.
The ice beast barely misses you.
You hit the ice beast but do no damage.
The ice beast is lightly wounded.
The ice beast barely misses you. x2
You barely miss the ice beast.
The ice beast is lightly wounded.
The ice beast hits you.
* * * LOW HITPOINT WARNING * * *
The ice beast freezes you.
* * * LOW HITPOINT WARNING * * *
You barely miss the ice beast.
The ice beast is lightly wounded.
The ice beast barely misses you. The ice beast hits you.
* * * LOW HITPOINT WARNING * * *
The ice beast freezes you!
You die...

###........#
#....#
#..........#
#....#
#..........#
#....#
#.......>..##
.###....#
#####.......#
...#....##
#.....[.#
.........
#.......#
........# #
#.......#
......)@##.#
#.......#
.......Y)..#
#.......#
....###.####
#.......# ... #.#
#.......# .
#.#######.......#
#............####
#..###########
#..# .....


You could see an ice beast.

Vanquished Creatures
  2 phantoms (D:5)
  A necrophage (D:5)
  2 scorpions
  A hound (D:4)
  2 orc priests
  Natasha (thrice) (D:2)
  An iguana (D:4)
  3 gnolls (D:5)
  6 adders
  A white imp (D:5)
  2 worms
  4 dart slugs
  6 orcs
  5 endoplasms
  2 goblins
  7 hobgoblins
  3 jackals (D:1)
  9 kobolds
  2 quokkas
  5 ball pythons
  4 bats
  3 frilled lizards
  5 rats
79 creatures vanquished.

Vanquished Creatures (others)
  A plant (D:2)
  4 withered plants (D:3)
5 creatures vanquished.

Grand Total: 84 creatures vanquished

Notes
Turn   | Place    | Note
-------+----------+-------------------------------------------
     0 | D:1      | Locuples the Demonspawn Berserker began the quest for the
                  | Orb.
     0 | D:1      | Reached XP level 1. HP: 18/18 MP: 1/1
   227 | D:1      | Gained mutation: Your demonic aura sometimes causes spilled
                  | blood to erupt in flames. [demonic ancestry]
   227 | D:1      | Reached XP level 2. HP: 22/24 MP: 2/2
   306 | D:1      | Reached skill level 3 in Long Blades
   758 | D:1      | Reached XP level 3. HP: 25/29 MP: 3/3
   903 | D:2      | Reached ** piety under Trog
  1281 | D:2      | Found a basalt altar of Yredelemnul.
  1281 | D:2      | Noticed Natasha
  1289 | D:2      | Killed Natasha
  1290 | D:2      | Reached XP level 4. HP: 37/37 MP: 4/4
  1380 | D:2      | Found a faded altar of an unknown god.
  1482 | D:2      | Noticed Natasha
  1487 | D:2      | Killed Natasha
  1925 | D:2      | Noticed Natasha
  1930 | D:2      | Killed Natasha
  1931 | D:2      | Gained mutation: You sometimes gain a little power by
                  | taking damage. [demonic ancestry]
  1931 | D:2      | Reached XP level 5. HP: 42/42 MP: 5/5
  2260 | D:3      | Reached skill level 4 in Long Blades
  2735 | D:3      | Found a basalt altar of Yredelemnul.
  2793 | D:3      | Found a glowing drain.
  3717 | D:4      | Reached XP level 6. HP: 10/48 MP: 6/6
  4587 | D:5      | Entered Level 5 of the Dungeon
  4644 | D:5      | Reached skill level 5 in Long Blades
  4940 | D:5      | Gained mutation: You are partially covered in yellow
                  | scales. (AC +2) [demonic ancestry]
  4940 | D:5      | Reached XP level 7. HP: 14/54 MP: 7/7
  5257 | D:5      | Mangled by an ice beast

Illustrated notes

Levels and vault maps discovered:
D:1:      minmay_arrival_diagonal_passages, layout_basic, nrook_mini_vaults
D:2:      layout_rooms, shapermc_ecumenical_altar_rom_forum, basic_altar,
          minmay_tromino_i2, uniq_natasha
D:3:      layout_basic, yredelemnul_altar_generic, portal_sewer_entry_d,
          minmay_misc_feat_plants
D:4:      layout_basic
D:5:      layout_basic, lemuel_tele_altar

Skill      XL: |  1  2  3  4  5  6  7 |
---------------+----------------------+-----
Long Blades    | 3 4 5 |  5.8
Dodging        | 2 3 |  3.0
Armour         | 2 3 |  3.8
Fighting       | 4 |  4.3

Action                   |  1- 3 |  4- 6 |  7- 9 || total
-------------------------+-------+-------+-------++-------
Melee: Falchion          |   130 |   227 |    37 ||   394
       Punch             |       |       |     1 ||     1
Invok: Berserk           |     3 |     6 |     1 ||    10
  Use: Potion            |       |     2 |       ||     2
Armor: Animal skin       |    27 |       |       ||    27
       Ring mail         |    37 |    94 |    20 ||   151
Dodge: Dodged            |   127 |   127 |    29 ||   283

Table legend: (Time is in decaauts)
 A = Elapsed time spent in this place.
 B = Non-inter-level travel time spent in this place.
 C = Inter-level travel time spent in this place.
 D = Time resting spent in this place.
 E = Time spent auto-exploring this place.
 F = Levels seen in this place.
 G = Mean time per level.
                   A        B        C        D        E       F      G
               +--------+--------+--------+--------+--------+-----+--------+
         Total |   5379 |   5307 |     72 |    613 |   3816 |   5 | 1075.8 |
       Dungeon |   5379 |   5307 |     72 |    613 |   3816 |   5 | 1075.8 |
               +--------+--------+--------+--------+--------+-----+--------+

Top non-repeatable levels by time:
     D:3: 1310 daAuts
     D:4: 1261 daAuts
     D:2: 1224 daAuts
     D:1: 908 daAuts
     D:5: 674 daAuts
